 Dungeon Sprint DCSS version 0.19-a0-1803-g97ff39f (webtiles) character file.

158458 Naow the Conqueror (level 15, -1/174 HPs)
             Began as a Minotaur Berserker on Oct 5, 2016.
             Was a High Priest of Trog.
             Slain by Naow's illusion (30 damage)
             ... woven by Mara
             ... in the Dungeon (Sprint IX: "|||||||||||||||||||||||||||||").
             The game lasted 00:32:44 (6414 turns).

Naow the Conqueror (Minotaur Berserker)             Turns: 6414, Time: 00:32:44

Health: -1/174     AC: 31    Str: 23    XL:     15   Next: 63%
Magic:  14/14      EV: 21    Int:  4    God:    Trog [*****.]
Gold:   1653       SH:  0    Dex: 14    Spells: 0 memorised, 14 levels left

rFire  + + .     SeeInvis .     H - +8 battleaxe of the Volcano {venom, rPois MR++ Int-4 Dex+3}
rCold  + + .     Gourm    .     v - +3 plate armour {rC+}
rNeg   + . .     Faith    .     (shield currently unavailable)
rPois  +         Spirit   .     V - -2 hat of the Alchemist {rElec rPois rF+ rC+ rN+ MR+ rMut rCorr}
rElec  +         Dismiss  .     Q - +2 cloak {MR+}
rCorr  +         Reflect  .     K - +0 pair of gloves "Lereagee" {rElec MR- rCorr} (curse)
rMut   +         Harm     .     E - +0 pair of boots
MR     +++++     NoTele   +     (no amulet)
Stlth  ..........               N - ring of protection from magic
                                M - ring of protection from fire

@: lethally poisoned (-1 -> -2), exhausted, very slightly contaminated, slowed,
very slow
A: retaliatory headbutt, horns 2
a: Berserk, Trog's Hand, Brothers in Arms, Burn Spellbooks, Renounce Religion
}: 4/15 runes: decaying, serpentine, barnacled, gossamer


You were in the Dungeon.
You worshipped Trog.
Trog was extremely pleased with you.
You were very hungry.

You visited 1 branch You collected 1916 gold pieces.
You spent 263 gold pieces at shops.

Inventory:

Hand Weapons
 a - a +4 antimagic battleaxe
 n - a +5 antimagic battleaxe
 p - a +0 executioner's axe of chopping
 s - a +1 broad axe of chopping
 t - a +5 antimagic battleaxe
 y - a +3 battleaxe of draining
 A - a +1 executioner's axe of chopping
 F - a +2 antimagic war axe
 G - a +0 antimagic battleaxe
 H - the +8 battleaxe of the Volcano (weapon) {venom, rPois MR++ Int-4 Dex+3}
   (Trog gifted it to you in the Dungeon)

   It poisons the flesh of those it strikes.
   It affects your intelligence (-4).
   It affects your dexterity (+3).
   It protects you from poison.
   It affects your resistance to hostile enchantments.
 I - a +2 battleaxe of chopping
 Y - a +1 battleaxe of freezing
 Z - a +1 antimagic executioner's axe
Armour
 b - a +2 hat of magic resistance
 v - a +3 plate armour of cold resistance (worn)
 E - a +0 pair of boots (worn)
 J - a +0 fire dragon armour {Xtahua}
 K - the cursed +0 pair of gloves "Lereagee" (worn) {rElec MR- rCorr}
   (You bought it in a shop in the Dungeon)

   It insulates you from electricity.
   It affects your resistance to hostile enchantments.
   It protects you from acid and corrosion.
   It has a curse placed upon it.
 P - a +2 plate armour
 Q - a +2 cloak of magic resistance (worn)
 V - the -2 hat of the Alchemist (worn) {rElec rPois rF+ rC+ rN+ MR+ rMut rCorr}
   (You found it in the Dungeon)

   It protects you from fire.
   It protects you from cold.
   It insulates you from electricity.
   It protects you from poison.
   It protects you from negative energy.
   It affects your resistance to hostile enchantments.
   It protects you from acid and corrosion.
   It protects you from mutation.
Jewellery
 q - a +3 ring of dexterity
 r - a +3 ring of dexterity
 L - a +6 ring of intelligence
 M - a ring of protection from fire (left hand)
 N - a ring of protection from magic (right hand)
 O - an uncursed ring of fire
 R - a +6 ring of intelligence
 S - a +6 ring of strength
 T - a +6 ring of strength
 U - a +6 ring of dexterity
Wands
 m - a wand of iceblast (7/15)
Scrolls
 l - 5 scrolls of remove curse
 u - 3 scrolls of identify
 w - 2 scrolls of fog
 x - 4 scrolls of fear
 z - a scroll of recharging
 W - 4 scrolls of enchant weapon
 X - 2 scrolls of enchant armour
Potions
 d - 14 potions of curing
 e - 5 potions of heal wounds
 f - 2 potions of haste
 g - 4 potions of magic
 h - 2 potions of berserk rage
 j - 3 potions of might
 k - a potion of invisibility
 o - a potion of brilliance
Comestibles
 c - 10 bread rations
 B - a beef jerky
 C - 33 fruits
 D - 12 meat rations


   Skills:
 O Level 27 Fighting
 - Level 21.5 Axes
 - Level 26.0 Armour
 + Level 24.8 Dodging


You had 14 spell levels left.
You didn't know any spells.

Dungeon Overview and Level Annotations

Branches:
Dungeon (1/1)

Altars:
Cheibriados
Dithmenos
Elyvilon
Fedhas
Gozag
Hepliaklqana
Kikubaaqudgha
Makhleb
Nemelex Xobeh
Okawaru
Qazlal
Ru
Sif Muna
Trog
Uskayaw
Vehumet
Xom
Yredelemnul
Zin
The Shining One
Beogh
Jiyva
Lugonu

Shops:
D *[[[

Annotations:
D Mara


Innate Abilities, Weirdness & Mutations

You reflexively headbutt those who attack you in melee.
You have a pair of horns on your head.


Message History

Unknown command.
You closely miss Naow's illusion. Your headbutt misses Naow's illusion.
Naow's illusion is severely wounded.
Your skin stops crawling.
You feel less resistant to hostile enchantments.
Naow's illusion hits you!!
* * * LOW HITPOINT WARNING * * *
Unknown command.
Unknown command.
You're too exhausted to go berserk.
Unknown command.
Your deep troll goes berserk!
You are feeling very hungry.
You feel sick.
A bolt of fire appears from out of thin air!
The bolt of fire hits Naow's illusion.
Naow's illusion resists.
The bolt of fire hits you! You resist.
* * * LOW HITPOINT WARNING * * *
The bolt of fire hits your deep troll. Naow's illusion hits you!!
You die...

................†................
▓▓▓▓▓▓▓▓▓▓▓▓▓▓▓▓▓▓▓▓▓▓▓▓▓▓▓▓▓▓▓▓▓
....[[[[.....)))))).........'....
▓▓▓▓▓▓▓▓▓▓▓▓▓▓▓▓▓▓▓▓▓▓▓▓▓▓▓▓▓▓▓▓▓
.................................
▓▓▓▓▓▓▓▓▓▓▓▓▓▓▓▓▓▓▓▓♣♣♣♣♣♣♣♣♣♣♣♣♣
...†)†.....)())))))'(...(........
▓▓▓▓▓▓▓▓▓▓▓▓▓▓▓▓▓▓▓▓♣♣♣♣♣♣♣♣♣♣♣♣♣
..........)...T.@@.R..........
▓▓▓▓▓▓▓▓▓▓▓▓▓▓▓▓▓▓▓▓▓▓▓▓▓▓▓▓▓▓


You could see Mara, Naow's illusion and a friendly deep troll (berserk).

Vanquished Creatures
  Boris (D)
  Frederick (D)
  Xtahua (D)
  Nikola (D)
  Gastronok (D)
  Ilsuiw (D)
  A tengu reaver (D)
  3 nagarajas (D)
  Aizul (D)
  4 ghost moths (D)
  3 emperor scorpions (D)
  A vault warden (D)
  2 ironheart preservers (D)
  2 stone giants (D)
  A dire elephant (D)
  3 fire dragons (D)
  2 merfolk javelineers (D)
  An ogre mage (D)
  2 great orbs of eyes (D)
  3 merfolk impalers (D)
  Erolcha (D)
  2 naga warriors (D)
  5 hydras (D)
  A ghost crab (D)
  An anaconda (D)
  4 merfolk aquamancers (D)
  An orc high priest (D)
  A spriggan berserker (D)
  A naga sharpshooter (D)
  2 hell knights (D)
  A salamander mystic (D)
  8 swamp dragons (D)
  A spriggan druid (D)
  A sea snake (D)
  2 naga ritualists (D)
  A wizard (D)
  An orc knight (D)
  3 hill giants (D)
  An ironbrand convoker (D)
  An ugly thing (D)
  3 orc sorcerers (D)
  7 wolf spiders (D)
  2 manticores (D)
  A moth of wrath (D)
  7 elephants (D)
  Maurice (D)
  4 naga magi (D)
  2 guardian serpents (D)
  2 black mambas (D)
  3 spiny frogs (D)
  A rime drake (D)
  4 demonic crawlers (D)
  A komodo dragon (D)
  A yaktaur (D)
  A merfolk (D)
  2 wind drakes (D)
  2 jumping spiders (D)
  4 slime creatures (D)
  A bog body (D)
  A blink frog (D)
  2 hippogriffs (D)
  A redback (D)
  A tarantella (D)
  A shadow (D)
  2 wraiths (D)
  A hungry ghost (D)
  A hog (shapeshifter) (D)
  A basilisk (D)
  A vampire mosquito (D)
  An insubstantial wisp (D)
  5 nagas (D)
  2 porcupines (D)
  2 water moccasins (D)
  An orc warrior (D)
  A swamp drake (D)
  2 crocodiles (D)
  4 bullfrogs (D)
  A crimson imp (D)
  3 orc priests (D)
  A jelly (D)
  5 orc wizards (D)
  A worker ant (D)
  A gnoll (D)
  An adder (D)
  A river rat (D)
  A shadow imp (D)
  A worm (D)
  7 orcs (D)
  A bat zombie (D)
  A goblin (D)
  4 hobgoblins (D)
  A giant cockroach zombie (D)
  A leopard gecko zombie (D)
  A quokka skeleton (D)
185 creatures vanquished.

Vanquished Creatures (collateral kills)
  A frost giant (D)
  A vault warden (D)
  3 stone giants (D)
  An ettin (D)
  A crystal guardian (D)
  2 merfolk impalers (D)
  2 yaktaur captains (D)
  4 merfolk javelineers (D)
  An ice dragon (D)
  A fire dragon (D)
  A rakshasa (D)
  A deep troll shaman (D)
  A centaur warrior (D)
  2 tengu warriors (D)
  A deep elf knight (D)
  A flayed ghost (D)
  A shadow wraith (D)
  An unseen horror (D)
  A deep elf archer (D)
  An orc knight (D)
  A deep elf mage (D)
  3 orc sorcerers (D)
  A vault sentinel (D)
  A siren (D)
  A slime creature (D)
  9 orc warriors (D)
  A sky beast (D)
  4 orc wizards (D)
  An ooze (shapeshifter) (D)
50 creatures vanquished.

Vanquished Creatures (others)
  An orc wizard (D)
1 creature vanquished.

Grand Total: 236 creatures vanquished

Notes
Turn   | Place    | Note
-------+----------+-------------------------------------------
     0 | D        | Naow the Minotaur Berserker began the quest for the Orb.
     0 | D        | Reached XP level 1. HP: 19/19 MP: 0/0
     5 | D        | Reached skill level 4 in Fighting
    10 | D        | Reached ** piety under Trog
   319 | D        | Reached XP level 2. HP: 28/28 MP: 1/1
   320 | D        | Reached *** piety under Trog
   328 | D        | Reached XP level 3. HP: 34/34 MP: 2/2
   404 | D        | Found a roughly hewn altar of Beogh.
   404 | D        | Found a snail-covered altar of Cheibriados.
   404 | D        | Found a shadowy altar of Dithmenos.
   404 | D        | Found a white marble altar of Elyvilon.
   404 | D        | Found a blossoming altar of Fedhas.
   404 | D        | Found an opulent altar of Gozag.
   405 | D        | Found a hazy altar of Hepliaklqana.
   406 | D        | Found a viscous altar of Jiyva.
   407 | D        | Found an ancient bone altar of Kikubaaqudgha.
   408 | D        | Found a corrupted altar of Lugonu.
   409 | D        | Found a burning altar of Makhleb.
   410 | D        | Found a sparkling altar of Nemelex Xobeh.
   411 | D        | Found an iron altar of Okawaru.
   412 | D        | Found a stormy altar of Qazlal.
   413 | D        | Found a sacrificial altar of Ru.
   414 | D        | Found a deep blue altar of Sif Muna.
   415 | D        | Found a bloodstained altar of Trog.
   416 | D        | Found a hide-covered altar of Uskayaw.
   417 | D        | Found a radiant altar of Vehumet.
   418 | D        | Found a shimmering altar of Xom.
   419 | D        | Found a basalt altar of Yredelemnul.
   420 | D        | Found a glowing silver altar of Zin.
   421 | D        | Found a glowing golden altar of the Shining One.
   459 | D        | Noticed a hill giant
   459 | D        | Noticed a bullfrog
   461 | D        | Killed a bullfrog
   461 | D        | Reached **** piety under Trog
   461 | D        | Received a gift from Trog
   461 | D        | Reached skill level 10 in Axes
   461 | D        | Reached XP level 4. HP: 41/41 MP: 3/3
   470 | D        | Killed a hill giant
   470 | D        | Reached XP level 5. HP: 47/47 MP: 4/4
   470 | D        | Reached XP level 6. HP: 53/53 MP: 5/5
   470 | D        | Reached XP level 7. HP: 60/60 MP: 6/6
   536 | D        | Noticed a wraith
   536 | D        | Noticed a deep elf mage
   536 | D        | Noticed a hog
   536 | D        | Noticed a vampire mosquito
   543 | D        | Killed a vampire mosquito
   543 | D        | Reached ***** piety under Trog
   544 | D        | Received a gift from Trog
   547 | D        | Killed a hog
   558 | D        | Killed a deep elf mage
   558 | D        | Reached XP level 8. HP: 35/67 MP: 7/7
   802 | D        | Noticed a hippogriff
   802 | D        | Noticed a spiny frog
   802 | D        | Noticed a komodo dragon
   802 | D        | Noticed a black mamba
   805 | D        | Killed a black mamba
   807 | D        | Killed a komodo dragon
   812 | D        | Reached XP level 9. HP: 72/72 MP: 2/8
   815 | D        | Killed a spiny frog
   815 | D        | Reached skill level 7 in Fighting
   817 | D        | Reached skill level 9 in Fighting
   824 | D        | Reached skill level 10 in Fighting
   829 | D        | Received a gift from Trog
   829 | D        | Reached ****** piety under Trog
  1101 | D        | Noticed a rime drake
  1102 | D        | Noticed a five-headed hydra
  1105 | D        | Reached skill level 11 in Fighting
  1107 | D        | Killed a rime drake
  1107 | D        | Reached skill level 12 in Fighting
  1116 | D        | Killed an eight-headed hydra
  1116 | D        | Reached skill level 14 in Fighting
  1116 | D        | Reached XP level 10. HP: 104/104 MP: 3/9
  1127 | D        | Reached skill level 15 in Fighting
  1145 | D        | Received a gift from Trog
  1434 | D        | Noticed an elephant
  1434 | D        | Noticed a dire elephant
  1434 | D        | Noticed an elephant
  1434 | D        | Noticed an elephant
  1434 | D        | Noticed an elephant
  1434 | D        | Noticed an elephant
  1439 | D        | Killed an elephant
  1439 | D        | Reached skill level 16 in Fighting
  1444 | D        | Killed an elephant
  1447 | D        | Killed an elephant
  1447 | D        | Reached skill level 17 in Fighting
  1455 | D        | Killed a dire elephant
  1455 | D        | Reached skill level 18 in Fighting
  1461 | D        | Killed an elephant
  1465 | D        | Killed an elephant
  1465 | D        | Reached skill level 19 in Fighting
  1476 | D        | Noticed an elephant
  1503 | D        | Killed an elephant
  1505 | D        | Noticed an elephant
  1683 | D        | Killed an elephant
  1683 | D        | Reached XP level 11. HP: 108/124 MP: 3/10
  1821 | D        | Noticed Erolcha
  1827 | D        | Killed Erolcha
  1827 | D        | Received a gift from Trog
  1827 | D        | Reached skill level 20 in Fighting
  1902 | D        | Received a gift from Trog
  1913 | D        | Received a gift from Trog
  2026 | D        | Noticed an orc knight
  2032 | D        | Killed an orc knight
  2040 | D        | Reached skill level 21 in Fighting
  2043 | D        | Received a gift from Trog
  2059 | D        | Noticed an orc high priest
  2067 | D        | Killed an orc high priest
  2114 | D        | Found Uvuuv Fanu's Antique Armour Boutique.
  2114 | D        | Noticed an orc sorcerer
  2114 | D        | Noticed an orc sorcerer
  2114 | D        | Noticed an orc sorcerer
  2117 | D        | Killed an orc sorcerer
  2119 | D        | Received a gift from Trog
  2122 | D        | Killed an orc sorcerer
  2133 | D        | Killed an orc sorcerer
  2133 | D        | Reached skill level 22 in Fighting
  2476 | D        | Found Haarin's Antique Armour Shop.
  2480 | D        | Found Etorawk Ikhla's Antique Armour Boutique.
  2483 | D        | Found Atumedi's General Store.
  2484 | D        | Noticed an orc sorcerer
  2485 | D        | Noticed an orc sorcerer
  2487 | D        | Received a gift from Trog
  2488 | D        | Noticed an orc sorcerer
  2492 | D        | Killed an orc sorcerer
  2495 | D        | Killed an orc sorcerer
  2507 | D        | Killed an orc sorcerer
  2507 | D        | Received a gift from Trog
  2518 | D        | Got a transparent battleaxe {god gift}
  2556 | D        | Bought a glowing hat for 92 gold pieces
  2560 | D        | Bought a pair of polished gloves for 171 gold pieces
  2562 | D        | Identified the +8 battleaxe of the Volcano {venom, rPois MR++ Int-4 Dex+3} (Trog gifted it to you in the Dungeon)
  2573 | D        | Identified the cursed +0 pair of gloves "Lereagee" {rElec MR- rCorr} (You bought it in a shop in the Dungeon)
  2595 | D        | Noticed Maurice
  2601 | D        | Killed Maurice
  2601 | D        | Reached skill level 23 in Fighting
  2780 | D        | Noticed a hill giant
  2780 | D        | Noticed a hill giant
  2784 | D        | Killed a hill giant
  2787 | D        | Killed a hill giant
  2796 | D        | Noticed a centaur warrior
  2799 | D        | Noticed a stone giant
  2803 | D        | Reached skill level 24 in Fighting
  2804 | D        | Noticed a rakshasa
  2806 | D        | Noticed a tengu warrior
  2809 | D        | Noticed a stone giant
  2811 | D        | Killed a stone giant
  2811 | D        | Received a gift from Trog
  2814 | D        | Killed a centaur warrior
  2814 | D        | Reached XP level 12. HP: 43/145 MP: 11/11
  2817 | D        | Killed a stone giant
  2817 | D        | Reached skill level 25 in Fighting
  2818 | D        | Noticed a stone giant
  2820 | D        | Killed a stone giant
  2828 | D        | Killed a tengu warrior
  2836 | D        | Killed a rakshasa
  3064 | D        | Noticed Gastronok
  3074 | D        | Killed Gastronok
  3074 | D        | Received a gift from Trog
  3074 | D        | Reached skill level 26 in Fighting
  3151 | D        | Noticed a ghost crab
  3162 | D        | Killed a ghost crab
  3168 | D        | Received a gift from Trog
  3173 | D        | Reached skill level 27 in Fighting
  3178 | D        | Reached skill level 5 in Armour
  3430 | D        | Killed a ghost moth
  3432 | D        | Noticed an emperor scorpion
  3434 | D        | Received a gift from Trog
  3439 | D        | Reached skill level 10 in Armour
  3452 | D        | Killed an emperor scorpion
  3528 | D        | Noticed a merfolk javelineer
  3530 | D        | Noticed a merfolk impaler
  3537 | D        | Received a gift from Trog
  3541 | D        | Noticed a merfolk impaler
  3544 | D        | Reached XP level 13. HP: 159/159 MP: 12/12
  3553 | D        | Killed a merfolk javelineer
  3559 | D        | Killed a merfolk impaler
  3562 | D        | Killed a merfolk impaler
  3562 | D        | Received a gift from Trog
  3562 | D        | Reached skill level 15 in Armour
  3912 | D        | Received a gift from Trog
  3933 | D        | Received a gift from Trog
  4094 | D        | Received a gift from Trog
  4095 | D        | Noticed a fire dragon
  4101 | D        | Noticed a fire dragon
  4102 | D        | Noticed a stone giant
  4115 | D        | Killed a fire dragon
  4117 | D        | Noticed a fire dragon
  4120 | D        | Received a gift from Trog
  4125 | D        | Killed a fire dragon
  4128 | D        | Noticed a stone giant
  4130 | D        | Killed a stone giant
  4136 | D        | Killed a fire dragon
  4150 | D        | Killed a stone giant
  4150 | D        | Received a gift from Trog
  4186 | D        | Noticed a tengu reaver
  4193 | D        | Killed a tengu reaver
  4244 | D        | Noticed a vault warden
  4244 | D        | Noticed a fire dragon
  4245 | D        | Noticed an ironheart preserver
  4252 | D        | Killed a fire dragon
  4259 | D        | Killed a vault warden
  4259 | D        | Reached XP level 14. HP: 149/168 MP: 13/13
  4262 | D        | Killed an ironheart preserver
  4262 | D        | Received a gift from Trog
  4287 | D        | Noticed a frost giant
  4289 | D        | Received a gift from Trog
  4291 | D        | Noticed a vault warden
  4300 | D        | Killed a frost giant
  4318 | D        | Killed a vault warden
  4318 | D        | Received a gift from Trog
  4648 | D        | Noticed an ironheart preserver
  4657 | D        | Killed an ironheart preserver
  4679 | D        | Noticed Boris
  4693 | D        | Killed Boris
  4713 | D        | Noticed Xtahua
  4714 | D        | Noticed Frederick
  4749 | D        | Killed Xtahua
  4756 | D        | Killed Frederick
  4834 | D        | Noticed Aizul
  4849 | D        | Killed Aizul
  5116 | D        | Received a gift from Trog
  5129 | D        | Reached skill level 15 in Dodging
  5170 | D        | Received a gift from Trog
  5202 | D        | Got a decaying rune of Zot
  5230 | D        | Noticed Ilsuiw
  5244 | D        | Received a gift from Trog
  5257 | D        | Reached XP level 15. HP: 134/174 MP: 14/14
  5269 | D        | Killed Ilsuiw
  5273 | D        | Received a gift from Trog
  5664 | D        | Got a barnacled rune of Zot
  5685 | D        | Received a gift from Trog
  5690 | D        | Killed a ghost moth
  5704 | D        | Killed a ghost moth
  5715 | D        | Received a gift from Trog
  5805 | D        | Killed a ghost moth
  5812 | D        | Got a gossamer rune of Zot
  5950 | D        | Noticed a nagaraja
  5965 | D        | Noticed a nagaraja
  5975 | D        | Killed a nagaraja
  5975 | D        | Received a gift from Trog
  5981 | D        | Killed a nagaraja
  5981 | D        | Received a gift from Trog
  5982 | D        | Noticed a nagaraja
  5987 | D        | Killed a nagaraja
  5989 | D        | Received a gift from Trog
  5993 | D        | Got a serpentine rune of Zot
  6351 | D        | Noticed Nikola
  6358 | D        | Noticed Mara
  6359 | D        | Noticed Naow's illusion
  6363 | D        | Killed Nikola
  6414 | D        | Slain by Naow's illusion

Vault maps used:
D:        linesprint

Skill      XL: |  1  2  3  4  5  6  7  8  9 10 11 12 13 14 15 |
---------------+----------------------------------------------+-----
Fighting       | 4 14 19 24 27 | 27.0
Axes           | 6 7 10 16 19 21 | 21.5
Armour         | 14 23 26 | 26.0
Dodging        | 18 24 | 24.8

Action                   |  1- 3 |  4- 6 |  7- 9 | 10-12 | 13-15 || total
-------------------------+-------+-------+-------+-------+-------++-------
Melee: Hand axe          |    29 |     8 |     5 |       |       ||    42
       Headbutt          |     4 |     2 |     9 |    47 |   102 ||   164
       Broad axe         |       |       |    18 |       |       ||    18
       Battleaxe         |       |       |    34 |   177 |   358 ||   569
Invok: Berserk           |     2 |       |     3 |     9 |    12 ||    26
       Brothers in Arms  |       |       |     1 |     5 |    24 ||    30
       Trog's Hand       |       |       |       |     3 |     5 ||     8
  Use: Scroll            |       |       |       |       |     6 ||     6
       Potion            |       |       |       |       |     2 ||     2
  Eat: Chunk             |       |       |     5 |    15 |    19 ||    39
       Fruit             |       |       |       |     2 |     5 ||     7
       Bread ration      |       |       |       |     1 |     2 ||     3
Armor: Animal skin       |     3 |       |       |       |       ||     3
       Ring mail         |     1 |     1 |    18 |    15 |       ||    35
       Plate armour      |       |       |       |    43 |   245 ||   288
Dodge: Dodged            |     6 |       |    14 |    42 |   238 ||   300
